 Dungeon Crawl Stone Soup version bcrawl-1.38.3 (webtiles) character file.

Game seed: 7327573547879452143

513818 fifreuwaquouxo3460 the Harbinger of Death (level 14, -2/123 HPs)
             Began as a Troll Archaeologist on May 24, 2023.
             Was a High Priest of Yredelemnul.
             Slain by a vampire mosquito (5 damage)
             ... on level 1 of the Swamp.
             The game lasted 01:17:20 (17843 turns).

fifreuwaquouxo3460 the Harbinger of Death (TrAc)   Turns: 17843, Time: 01:17:21

Health: -2/123     AC: 14    Str: 27    XL:     14   Next: 48%
Magic:  26/26      EV: 11    Int: 11    God:    Yredelemnul [*****.]
Gold:   956        SH:  3    Dex: 12    Spells: 13/13 levels left

rFire    . . .     GDR:     28% a - +8 whip "Snakebite" {curare, rPois}
rCold    . . .     SeeInvis +   (no shield)
rNeg     . . .     Gourm    +   (armour unavailable)
rPois    +         Faith    .   d - +2 hat {MR+}
rElec    .         Spirit   .   v - +0 cloak
rCorr    .         Reflect  +   (gloves unavailable)
MR       ++...                  (boots unavailable)
Stlth    ++........             U - +3 amulet of reflection
HPRegen  1.10/turn              x - +1 ring of protection
MPRegen  0.20/turn              Z - ring of see invisible

@: mighty
A: large, almost no armour, claws 3, fast metabolism 3, gourmand, regeneration
2, AC +10
a: Recall Undead Slaves, Injury Mirror, Animate Dead, Drain Life, Enslave Soul,
Renounce Religion


You were on level 1 of the Swamp.
You worshipped Yredelemnul.
Yredelemnul was extremely pleased with you.
You were not hungry.

You visited 5 branches of the dungeon, and saw 16 of its levels.
You also visited: Gauntlet.

You collected 1271 gold pieces.
You spent 315 gold pieces at shops.

Inventory:

Hand Weapons
 a - the +8 whip "Snakebite" (weapon) {curare, rPois}
   (You found it on level 5 of the Lair of Beasts)

   It poisons the flesh of those it strikes.
   It protects you from poison.
 b - a +5 hunting sling of freezing
 W - a +1 hand crossbow of venom
Missiles
 m - 721 bolts
 o - 1938 stones
 S - 120 poisoned tomahawks (quivered)
 T - 660 sling bullets
Armour
 d - a +2 hat of magic resistance (worn)
 v - a +0 cloak (worn)
Jewellery
 k - an uncursed amulet of the acrobat
 x - a +1 ring of protection (left claw)
 G - a cursed ring of fire {unknown}
 R - an uncursed ring of positive energy
 U - a +3 amulet of reflection (around neck)
 Z - a ring of see invisible (right claw)
Wands
 C - a wand of iceblast (18)
 F - a wand of acid (2)
 L - a wand of flame (4)
 N - a wand of polymorph (7)
 O - a wand of charming (19)
 Q - a wand of disintegration (13)
Scrolls
 g - 4 scrolls of magic mapping
 h - 4 scrolls of fog
 j - 5 scrolls of teleportation
 l - 5 scrolls of enchant armour
 n - 6 scrolls of remove curse
 s - a scroll of enchant weapon {unknown}
 t - a scroll of fear {unknown}
 A - 5 scrolls of blinking
 B - 3 scrolls of immolation
 M - a scroll of vulnerability {unknown}
 X - a scroll of silence {unknown}
 Y - a scroll of summoning {unknown}
Potions
 c - a potion of haste {unknown}
 p - 4 potions of might
 r - a potion of resistance
 u - a potion of cancellation {unknown}
 w - 3 potions of mutation
 z - 4 potions of berserk rage
 E - 4 potions of curing
 H - a potion of flight {unknown}
 K - a potion of invisibility {unknown}
Miscellaneous
 f - a box of beasts
 q - a lamp of fire
 P - a lightning rod (4/4)
 V - a phantom mirror
Comestibles
 e - 29 rations {!d}


   Skills:
 - Level 4.0 Fighting
 - Level 1.0 Maces & Flails
 - Level 4.0 Slings
 - Level 4.0 Dodging
 - Level 1.7 Stealth
 - Level 18.0 Invocations
 + Level 11.6 Evocations


You had 13 spell levels left.
You didn't know any spells.
Your spell library contained the following spells:

 Spells                   Type           Power        Failure   Level  Hunger
 Throw Frost              Conj/Ice       #.....       21%         2    ####...
 Freeze                   Ice            #.....       34%         1    None
 Magic Dart               Conj           #...         34%         1    None
 Sandblast                Erth           #.....       34%         1    None
 Static Discharge         Air            #.....       34%         1    None
 Passwall                 Tmut/Erth      #.......     47%         2    ####...
 Searing Ray              Conj           #.......     47%         2    ####...
 Shock                    Conj/Air       #......      47%         2    ####...
 Swiftness                Chrm/Air       #.......     47%         2    ####...
 Call Canine Familiar     Summ           #.......     71%         3    #####..
 Iskenderun's Mystic Bla  Conj           #.......     71%         3    #####..
 Mephitic Cloud           Conj/Pois/Air  #.......     71%         3    #####..
 Ozocubu's Armour         Chrm/Ice       #.......     71%         3    #####..
 Stone Arrow              Conj/Erth      #.....       71%         3    #####..
 Cause Fear               Hex            #.........   98%         4    ######.
 Fulminant Prism          Conj/Hex       #.........   98%         4    ######.
 Ice Form                 Ice/Tmut       #.......     98%         4    ######.
 Lightning Bolt           Conj/Air       #.......     98%         4    ######.
 Petrify                  Tmut/Erth      #.........   98%         4    ######.
 Summon Ice Beast         Ice/Summ       #.......     98%         4    ######.
 Throw Icicle             Conj/Ice       #.......     98%         4    ######.
 Irradiate                Conj/Tmut      #.........   100%        5    #######
 Lee's Rapid Deconstruct  Erth           #.........   100%        5    #######
 Summon Mana Viper        Hex/Summ       #.......     100%        5    #######
 Conjure Ball Lightning   Conj/Air       #.........   100%        6    #######
 Invisibility             Hex            #.......     100%        6    #######
 Summon Hydra             Summ           #.........   100%        6    #######
 Icicle Burst             Conj/Ice       #.........   100%        7    #######
 Monstrous Menagerie      Summ           #.........   100%        7    #######
 Ignition                 Fire           #.........   100%        8    #######
 Tornado                  Tloc/Air       #.........   100%        8    #######
 Shatter                  Erth           #.........   100%        9    #######


Dungeon Overview and Level Annotations

Branches:
Dungeon (7/12)             Temple (1/1) D:4            Lair (6/6) D:7
  Swamp (1/3) Lair:2        Snake (1/3) Lair:4        Slime (0/5) Lair:5

Altars:
Ashenzari
Cheibriados
Elyvilon
Fedhas
Gozag
Hepliaklqana
Kikubaaqudgha
Lugonu
Makhleb
Nemelex Xobeh
Okawaru
Qazlal
Ru
Sif Muna
Trog
Uskayaw
Vehumet
Wu Jian
Xom
Yredelemnul
Zin
The Shining One
Jiyva

Shops:
D:4 ?   D:6 %(!   D:7 !

Annotations:
D:6 3 runed translucent doors, tronn's ghost, amateur OpAc
Lair:5 2 transporters, Hairutzoic's ghost, journeyman MiBe
Snake:1 3 runed translucent doors, exclusions: 3 doors and obsidian statue, Roxanne; Soawkar's ghost, adept GrFi


Innate Abilities, Weirdness & Mutations

You cannot wear most types of armour.
Your thick skin is tough. (AC +10)
You are too large for most types of armour.
You have claws for hands.
Your metabolism is lightning-fast.
You like to eat raw meat.
You heal very quickly.


Message History

The vampire mosquito is severely damaged.
The vampire mosquito bites you!
* * * LOW HITPOINT WARNING * * *
The vampire mosquito draws strength from your injuries!
The vampire mosquito closely misses you.
The vampire mosquito bites you but does no damage.
The vampire mosquito bites you.
* * * LOW HITPOINT WARNING * * *
The vampire mosquito draws strength from your injuries!
The vampire mosquito barely misses you.
The vampire mosquito closely misses you.
The vampire mosquito misses you.
The vampire mosquito bites you but does no damage.
The vampire mosquito bites you.
* * * LOW HITPOINT WARNING * * *
The vampire mosquito draws strength from your injuries!
You block the vampire mosquito's attack.
The vampire mosquito bites you.
You die...
Your body rises from the dead as a mindless zombie.

.≈≈≈≈≈≈.≈.. ≈≈..
≈≈≈≈≈≈.≈≈≈ ≈≈..
≈≈≈≈...≈≈. ≈≈..≈
♣♣.§≈.≈.≈.. §...
♣♣♣≈≈≈≈≈.....
≈≈.≈♣♣≈..≈≈≈≈..≈≈.
. ♣≈≈≈≈.≈≈≈≈≈≈...
....♣♣yyy...≈≈...♣
≈.≈.≈.y@y......♣♣♣
.≈≈......≈≈.≈♣♣♣
.≈♣♣♣♣≈>.≈≈.♣♣
..≈≈...♣♣
≈≈.♣♣♣♣♣♣ ≈≈≈≈.
≈≈.≈♣ ..♣♣


You could see 5 vampire mosquitoes.

Vanquished Creatures
  A nagaraja (Lair:4)
  A dire elephant (Lair:6)
  An ice dragon (Snake:1)
  A naga warrior (Snake:1)
  A hydra (Lair:3)
  An alligator (Swamp:1)
  A deep troll shaman (Lair:6)
  4 death yaks
  A shock serpent (Snake:1)
  A salamander mystic (Snake:1)
  2 anaconda skeletons (Lair:4)
  A mana viper (Snake:1)
  7 black mambas
  8 elephants (Lair:6)
  2 naga magi (Snake:1)
  A cane toad (Lair:5)
  2 rime drakes
  3 komodo dragons
  A troll (D:7)
  A polar bear (Lair:6)
  A tyrant leech (Lair:2)
  7 blink frogs
  Grinder (D:5)
  Prince Ribbit (Lair:3)
  2 dream sheep (Lair:6)
  A hippogriff (Lair:1)
  A wyvern (Lair:3)
  13 yaks
  A vampire mosquito (Swamp:1)
  3 crocodiles
  2 nagas (Snake:1)
  4 water moccasins
  6 porcupines
  An orc warrior (D:6)
  Duvessa (D:7)
  4 sky beasts
  A necrophage (D:5)
  A black bear (D:6)
  3 ogres
  3 wolves
  A phantom (D:7)
  A kobold brigand (D:6)
  7 bullfrogs
  4 wights (D:7)
  3 orc priests
  2 howler monkeys
  5 crimson imps
  Crazy Yiuf (D:5)
  4 hounds
  4 orc wizards
  A bullfrog skeleton (D:3)
  4 iguanas
  3 worker ants
  Terence (D:2)
  A hound skeleton (D:3)
  A howler monkey zombie (D:7)
  A worker ant zombie (D:5)
  15 adders
  A howler monkey skeleton (D:5)
  2 shadow imps (D:5)
  A white imp (Lair:4)
  2 oozes
  2 adder skeletons
  9 worms
  4 dart slugs
  A leopard gecko (D:1)
  21 orcs
  6 ball pythons (D:2)
  3 giant cockroaches
  4 goblins
  10 hobgoblins
  5 quokkas
  6 bats
  2 frilled lizards
  16 kobolds
  4 rats (D:1)
  2 plants (Lair:6)
258 creatures vanquished.

Vanquished Creatures (collateral kills)
  A sphinx (Lair:5)
  Snorg (Lair:5)
  An ice dragon (Lair:4)
  3 hydras (Lair:5)
  A naga warrior (Snake:1)
  2 catoblepae
  Sonja (Lair:2)
  An alligator (Lair:6)
  A death yak (Lair:6)
  2 naga sharpshooters (Snake:1)
  A shock serpent (Snake:1)
  2 anaconda skeletons (Lair:4)
  2 oklob plants (Lair:3)
  3 elephants (Lair:6)
  6 black mambas
  4 cane toads
  A rime drake (Lair:1)
  7 komodo dragons
  A polar bear (Lair:6)
  A tyrant leech (Lair:2)
  4 hippogriffs
  14 blink frogs
  3 dream sheep (Lair:6)
  A wyvern (Lair:5)
  23 yaks
  A basilisk (Lair:5)
  3 fire bats (Lair:6)
  2 hungry ghosts
  A steam dragon (Lair:3)
  A naga (Snake:1)
  A swamp worm (Lair:2)
  4 crocodiles
  9 water moccasins
  6 porcupines
  A black bear (D:7)
  An ogre (D:6)
  11 wolves
  5 bullfrogs
  Dowan (D:7)
  A scorpion (D:6)
  A jelly (D:7)
  A worker ant (D:7)
  An adder (Lair:5)
  A white imp (Lair:4)
  A butterfly (Lair:2)
  29 fungi
  17 plants
186 creatures vanquished.

Vanquished Creatures (others)
  A skeletal warrior (Lair:5)
  3 phantasmal warriors
  A shock serpent zombie (Snake:1)
  An ice dragon zombie (Snake:1)
  5 black mamba zombies
  2 vampires (Lair:6)
  A wraith (Lair:1)
  6 vampire mosquitoes
  A crocodile (Lair:5)
  A salamander zombie (Snake:1)
  3 cane toad zombies
  3 dream sheep zombies (Lair:6)
  3 elephant zombies (Lair:6)
  4 blink frog zombies
  3 blink frog skeletons (Lair:5)
  3 vampire mosquito zombies
  2 hippogriff zombies
  2 elf skeletons (Lair:6)
  4 water moccasin zombies
  A komodo dragon skeleton (Lair:1)
  4 yak zombies
  A polar bear zombie (Lair:6)
  2 yak skeletons
  2 wights
  6 wolf zombies
  A black bear zombie (D:7)
  2 bullfrog zombies
  2 bullfrog skeletons
  2 porcupine zombies
  4 porcupine skeletons
  2 crocodile skeletons
  6 naga zombies (Snake:1)
  3 dwarf skeletons (Lair:6)
  A hound zombie (D:6)
  2 mummies
  An iguana zombie (D:7)
  2 adder skeletons (Lair:5)
  An iguana skeleton (D:7)
  2 orc skeletons
  2 orc zombies (D:7)
  4 fungi
  9 plants
111 creatures vanquished.

Grand Total: 555 creatures vanquished

Notes
Turn   | Place    | Note
-------+----------+-------------------------------------------
     0 | D:1      | fifreuwaquouxo3460 the Troll Archaeologist began the quest
                  | for the Orb.
     0 | D:1      | Reached XP level 1. HP: 18/18 MP: 0/0
   128 | D:1      | Found a shattered altar of Ashenzari.
   242 | D:1      | Reached XP level 2. HP: 26/26 MP: 1/1
   872 | D:2      | Reached XP level 3. HP: 32/32 MP: 2/2
  1256 | D:2      | Reached skill level 1 in Fighting
  1427 | D:2      | Found a faded altar of an unknown god.
  1430 | D:2      | Noticed Terence
  1438 | D:2      | Killed Terence
  1439 | D:2      | Gained mutation: Your natural rate of healing is unusually
                  | fast. [Troll growth]
  1439 | D:2      | Reached XP level 4. HP: 41/41 MP: 3/3
  1538 | D:3      | Reached XP level 5. HP: 45/50 MP: 4/4
  1538 | D:3      | Identified a scroll of acquirement
  1538 | D:3      | Identified the ring "Ziath" {rElec Int+4} (You acquired it
                  | on level 3 of the Dungeon)
  1815 | D:3      | Reached skill level 1 in Slings
  1985 | D:3      | Reached XP level 6. HP: 61/61 MP: 5/5
  2331 | D:3      | Found a stormy altar of Qazlal.
  2523 | D:4      | Reached XP level 7. HP: 25/67 MP: 6/6
  2662 | D:4      | Found Zotiy's Magic Scroll Emporium.
  2671 | D:4      | Bought a scroll of blinking for 82 gold pieces
  2671 | D:4      | Bought a scroll of teleportation for 33 gold pieces
  2671 | D:4      | Bought a scroll of teleportation for 33 gold pieces
  2671 | D:4      | Bought a scroll of immolation for 38 gold pieces
  2671 | D:4      | Bought a scroll of fog for 22 gold pieces
  2798 | D:4      | Found a staircase to the Ecumenical Temple.
  2954 | Temple   | Entered the Ecumenical Temple
  3063 | Temple   | Became a worshipper of Yredelemnul the Dark
  3118 | D:5      | Entered Level 5 of the Dungeon
  3157 | D:5      | Reached skill level 1 in Invocations
  3194 | D:5      | Reached skill level 2 in Invocations
  3224 | D:5      | Reached skill level 3 in Invocations
  3224 | D:5      | Reached XP level 8. HP: 65/78 MP: 7/9
  3313 | D:5      | Reached skill level 4 in Invocations
  3367 | D:5      | Reached skill level 5 in Invocations
  3458 | D:5      | Noticed Grinder
  3500 | D:5      | Killed Grinder
  3501 | D:5      | Reached skill level 6 in Invocations
  3648 | D:5      | Found a runed door.
  3800 | D:5      | Noticed Crazy Yiuf
  3803 | D:5      | Killed Crazy Yiuf
  3854 | D:6      | Found a runed translucent gate.
  3854 | D:6      | Found a runed translucent gate.
  3854 | D:6      | Found a runed translucent gate.
  3867 | D:6      | Reached * piety under Yredelemnul
  3881 | D:6      | Noticed tronn's ghost (amateur OpAc)
  3901 | D:6      | Reached skill level 7 in Invocations
  4063 | D:6      | Found Foiplagg's Weapon Emporium.
  4082 | D:6      | Found Wahyisis's Food Shoppe.
  4137 | D:6      | Reached XP level 9. HP: 84/84 MP: 13/13
  4147 | D:6      | Reached skill level 8 in Invocations
  4162 | D:6      | Found Poirakh's Distillery.
  4172 | D:6      | Bought a potion of lignification for 42 gold pieces
  4327 | D:6      | Found a radiant altar of Vehumet.
  4678 | D:7      | Reached skill level 9 in Invocations
  4680 | D:7      | Found a hazy altar of Hepliaklqana.
  4684 | D:7      | Found a glowing golden altar of the Shining One.
  4838 | D:7      | Found Nydenin's Distillery.
  4842 | D:7      | Bought a potion of heal wounds for 65 gold pieces
  4918 | D:7      | Noticed a troll
  4944 | D:7      | Reached skill level 10 in Invocations
  5329 | D:7      | Noticed Duvessa
  5330 | D:7      | Noticed Dowan
  5335 | D:7      | Killed Duvessa
  5341 | D:7      | Killed Dowan
  5342 | D:7      | Reached skill level 11 in Invocations
  5398 | D:7      | Found a staircase to the Lair.
  5562 | D:7      | Killed a troll
  5563 | D:7      | Reached XP level 10. HP: 84/92 MP: 17/17
  5958 | Lair:1   | Entered Level 1 of the Lair of Beasts
  6053 | Lair:1   | Found a gate leading to a gauntlet.
  6071 | Gauntlet | Entered a Gauntlet
  6071 | Gauntlet | Found a transporter.
  6071 | Gauntlet | Found a transporter.
  6078 | Gauntlet | Noticed a death yak
  6105 | Gauntlet | Noticed a death scarab
  6107 | Gauntlet | Found a transporter.
  6123 | Gauntlet | Found a transporter.
  6144 | Gauntlet | Found a transporter.
  6144 | Gauntlet | Found a transporter.
  6144 | Gauntlet | Noticed a cacodemon
  6160 | Gauntlet | Noticed a fire crab
  6161 | Gauntlet | Found a transporter.
  6178 | Gauntlet | Found a transporter.
  6184 | Gauntlet | Found a transporter.
  6185 | Gauntlet | Noticed a torpor snail
  6193 | Gauntlet | Noticed a five-headed hydra
  6226 | Gauntlet | Found a transporter.
  6361 | Lair:1   | Reached skill level 12 in Invocations
  6471 | Lair:1   | Noticed a cane toad
  6475 | Lair:1   | Reached ** piety under Yredelemnul
  6479 | Lair:1   | Killed a cane toad
  6627 | Lair:1   | Reached skill level 13 in Invocations
  6805 | Lair:1   | Reached skill level 14 in Invocations
  6805 | Lair:1   | Reached XP level 11. HP: 27/100 MP: 20/20
  6808 | Lair:1   | Reached skill level 1 in Evocations
  6857 | Lair:1   | HP: 4/100 [blink frog (13)]
  6868 | Lair:1   | Reached *** piety under Yredelemnul
  7841 | Lair:2   | Reached skill level 5 in Evocations
  7907 | Lair:2   | Found a staircase to the Swamp.
  8456 | Lair:2   | Noticed Sonja
  8473 | Lair:2   | Killed Sonja
  9224 | Lair:3   | Noticed an oklob plant
  9575 | Lair:3   | Gained mutation: You heal very quickly. [Troll growth]
  9575 | Lair:3   | Reached XP level 12. HP: 103/107 MP: 21/21
 10069 | Lair:3   | Noticed a seven-headed hydra
 10081 | Lair:3   | Killed a seven-headed hydra
 10292 | Lair:3   | Noticed Prince Ribbit
 10361 | Lair:3   | Killed Prince Ribbit
 11002 | Lair:4   | Found a staircase to the Snake Pit.
 11002 | Lair:4   | Noticed a sphinx
 11065 | Lair:4   | Reached skill level 15 in Invocations
 11300 | Lair:4   | Got a clouded tin ring
 11591 | Lair:4   | Noticed an ice dragon
 11602 | Lair:4   | Killed an ice dragon
 12058 | Lair:4   | Reached skill level 16 in Invocations
 12460 | Lair:5   | Found a transporter.
 12460 | Lair:5   | Found a transporter.
 12462 | Lair:5   | Noticed Hairutzoic's ghost (journeyman MiBe)
 12539 | Lair:5   | Reached **** piety under Yredelemnul
 12645 | Lair:5   | Killed a sphinx
 12746 | Lair:5   | Reached XP level 13. HP: 114/114 MP: 24/24
 12870 | Lair:5   | Found an iron altar of Okawaru.
 13176 | Lair:5   | Reached skill level 17 in Invocations
 13229 | Lair:5   | Found the +8 whip "Snakebite" {curare, rPois}
 13395 | Lair:5   | Found a viscous altar of Jiyva.
 13395 | Lair:5   | Found a staircase to the Slime Pits.
 14210 | Lair:6   | Entered Level 6 of the Lair of Beasts
 14675 | Lair:6   | Noticed Snorg
 14704 | Lair:5   | Killed Snorg
 14945 | Lair:6   | Reached skill level 18 in Invocations
 15220 | Lair:6   | Reached ***** piety under Yredelemnul
 15336 | Lair:6   | Identified the Disquisition on Enchantment and
                  | Augmentations
 15585 | Lair:6   | Noticed a dire elephant
 15620 | Lair:6   | Killed a dire elephant
 15729 | Lair:6   | Reached skill level 10 in Evocations
 15729 | Lair:6   | Reached XP level 14. HP: 80/123 MP: 26/26
 15983 | Lair:6   | Identified the ring "Fusolav" {Fire *Drain Dex+7} (You
                  | found it on level 4 of the Lair of Beasts)
 16558 | Snake:1  | Entered Level 1 of the Snake Pit
 16570 | Snake:1  | Identified the ring of the Philosopher {+Fly rElec rF+
                  | Int+2 Stlth+} (You acquired it on level 1 of the Snake Pit)
 16573 | Snake:1  | Noticed a nagaraja
 16719 | Lair:4   | Killed a nagaraja
 16759 | Snake:1  | Found a runed translucent gate.
 16996 | Snake:1  | Noticed Roxanne
 17019 | Snake:1  | Found a runed translucent gate.
 17019 | Snake:1  | Found an opulent altar of Gozag.
 17020 | Snake:1  | Found a runed translucent gate.
 17110 | Snake:1  | Found a frozen archway.
 17207 | Snake:1  | Noticed Soawkar's ghost (adept GrFi)
 17208 | Snake:1  | Noticed a nagaraja
 17803 | Swamp:1  | Entered Level 1 of the Swamp
 17843 | Swamp:1  | HP: 6/123 [vampire mosquito (5)]
 17843 | Swamp:1  | Slain by a vampire mosquito

Skill      XL: |  1  2  3  4  5  6  7  8  9 10 11 12 13 14 |
---------------+-------------------------------------------+-----
Dodging        | 3 4 |  4.0
Fighting       | 1 2 3 4 |  4.0
Slings         | 1 3 4 |  4.0
Invocations    | 3 7 11 14 16 18 | 18.0
Evocations     | 7 8 10 11 | 11.6
Maces & Flails | |  1.0
Stealth        | |  1.7

Action                   |  1- 3 |  4- 6 |  7- 9 | 10-12 | 13-15 || total
-------------------------+-------+-------+-------+-------+-------++-------
Melee: Whip              |    40 |       |       |       |   201 ||   241
       Dagger            |    75 |    13 |   178 |   178 |    46 ||   490
 Fire: Blowgun           |     5 |       |       |    17 |       ||    22
       Hunting sling     |       |   135 |   265 |   222 |    98 ||   720
       Hand crossbow     |       |       |       |     8 |       ||     8
Throw: Javelin           |       |       |    10 |       |       ||    10
       Tomahawk          |       |       |       |       |     1 ||     1
Invok: Recall Undead Sla |       |       |       |     4 |     3 ||     7
       Drain Life        |       |       |       |     1 |     2 ||     3
       Animate Dead      |       |       |       |       |     4 ||     4
Evoke: Wand              |       |       |       |     7 |    12 ||    19
       Box of beasts     |       |       |       |       |     1 ||     1
  Use: Scroll            |       |     4 |     2 |     3 |     5 ||    14
       Potion            |       |       |       |     1 |     6 ||     7
 Stab: Distracted        |       |       |       |       |     4 ||     4
  Eat: Chunk             |    17 |    11 |    31 |    42 |    25 ||   126
       Ration            |       |       |       |     4 |     3 ||     7
Armor: Skin              |    43 |    47 |   114 |   147 |   227 ||   578
Dodge: Dodged            |    52 |    57 |   155 |   174 |   216 ||   654
Block: Other             |       |       |       |       |    22 ||    22
       Reflection        |       |       |       |       |     6 ||     6
